 Dungeon Crawl Stone Soup version 0.28.0 (webtiles) character file.

Game seed: 10216247947537956887

53 themarg the Fighter (level 3, -1/38 HPs)
             Began as a Gnoll Wanderer on Feb 6, 2022.
             Slain by Natasha (2 damage)
             ... on level 2 of the Dungeon.
             The game lasted 00:07:35 (2037 turns).

themarg the Fighter (Gnoll Wanderer)                Turns: 2037, Time: 00:07:35

Health: -1/38      AC:  9    Str: 10    XL:     3   Next: 89%
Magic:  7/7        EV:  8    Int: 15    God:
Gold:   53         SH:  0    Dex: 10    Spells: 6/7 levels left

rFire   . . .      SeeInvis .   a - +0 club
rCold   . . .      Faith    .   (no shield)
rNeg    . . .      Spirit   .   c - +2 scale mail
rPois   .          Reflect  .   (no helmet)
rElec   .          Harm     .   (no cloak)
rCorr   .          Rampage  .   (no gloves)
Will    .....                   (no boots)
Stlth   ..........              (no amulet)
HPRegen 0.12/turn               (no ring)
MPRegen 0.10/turn               (no ring)

@: about to teleport, on berserk cooldown, slowed, very slow
A: fangs 1, strong nose, distributed training
a: no special abilities


You were on level 2 of the Dungeon.
You visited 1 branch of the dungeon, and saw 2 of its levels.

You collected 53 gold pieces.

Inventory:

Hand Weapons
 a - a +0 club (weapon)
Armour
 c - a +2 scale mail (worn)
Scrolls
 b - a scroll of fog
 g - a scroll of identify {unknown}
Potions
 h - a potion of mutation {unknown}


   Skills:
 + Level 8.5 Fighting
 + Level 1.0 Short Blades
 + Level 1.0 Long Blades
 + Level 1.0 Axes
 + Level 1.0 Maces & Flails
 + Level 1.0 Polearms
 + Level 1.0 Staves
 + Level 1.0 Slings
 + Level 1.0 Bows
 + Level 1.0 Crossbows
 + Level 1.0 Throwing
 + Level 6.5 Armour
 + Level 1.0 Dodging
 + Level 1.0 Stealth
 + Level 1.0 Shields
 + Level 1.0 Unarmed Combat
 + Level 2.9 Spellcasting
 + Level 0.7 Conjurations
 + Level 0.7 Hexes
 + Level 0.7 Summonings
 + Level 0.7 Necromancy
 + Level 0.7 Translocations
 + Level 0.7 Transmutations
 + Level 0.7 Fire Magic
 + Level 2.1 Ice Magic
 + Level 0.7 Air Magic
 + Level 0.7 Earth Magic
 + Level 0.7 Poison Magic
 + Level 1.0 Invocations
 + Level 2.6 Evocations


You had 6 spell levels left.
You knew the following spells:

 Your Spells              Type           Power      Damage    Failure   Level
a - Freeze                Ice            32%        1d5       41%         1

Your spell library contained the following spells:

 Spells                   Type           Power      Damage    Failure   Level
 Frozen Ramparts          Ice            16%        1d3       80%         3


Dungeon Overview and Level Annotations

Branches:
Dungeon (2/15)

Altars:

Annotations:
D:2 Natasha


Innate Abilities, Weirdness & Mutations

You have very sharp teeth.
Your uncanny sense of smell can sniff out nearby items.
Your experience applies equally to all skills.


Message History

The white imp closely misses you.
You hit the white imp but do no damage.
The white imp is lightly wounded.
The white imp gestures at you.
The puff of frost hits you but does no damage.
The white imp hits you but does no damage.
You hit the white imp.
The white imp is moderately wounded.
The white imp disappears in a puff of smoke!
Natasha claws you but does no damage.
You hit Natasha. Your bite misses Natasha.
Natasha is heavily wounded.
The white imp disappears in a puff of smoke!
Natasha claws you but does no damage. Natasha barely misses you.
You barely miss Natasha.
Natasha is heavily wounded.
Natasha mumbles some strange words.
Natasha glows brightly for a moment.
Natasha casts a spell at you. You resist with significant effort.
Natasha casts a spell at you. You resist with significant effort.
You closely miss Natasha. You bite Natasha, but do no damage.
Natasha is heavily wounded.
Natasha barely misses you. Natasha claws you but does no damage.
You closely miss Natasha.
Natasha is heavily wounded.
Natasha claws you.
* * * LOW HITPOINT WARNING * * *
Natasha completely misses you.
As you read the scroll labelled WOXIMU COGGADA, it crumbles to dust.
You hear a loud clanging noise!
It was a scroll of noise.
Natasha claws you but does no damage.
You aren't carrying any items that you can evoke.
As you read the scroll labelled EQONUJ ENEISY, it crumbles to dust.
You feel strangely unstable.
It was a scroll of teleportation.
Natasha claws you but does no damage. Natasha claws you.
* * * LOW HITPOINT WARNING * * *
Natasha claws you.
You die...

#.# #5#
###.# #...#
#.### #.#
#5# #h# #@#
#.# #.# .#
#.# #.# #.#
#.# #.# #.#
#.# #.# #.#
#.#
#.########.#


You could see Natasha and a crimson imp (summoned).

Vanquished Creatures
  An adder (D:2)
  A dart slug (D:1)
  6 ball pythons
  A bat (D:1)
  6 endoplasms
  3 giant cockroaches (D:1)
  4 goblins
  2 hobgoblins (D:1)
  A quokka (D:1)
  2 frilled lizards (D:2)
  7 kobolds
  2 rats (D:1)
36 creatures vanquished.

Notes
Turn   | Place    | Note
-------+----------+-------------------------------------------
     0 | D:1      | themarg the Gnoll Wanderer began the quest for the Orb.
     0 | D:1      | themarg set off with the following items: a +0 club, a
                  | scroll of fog, a +2 scale mail; and the following spell
                  | memorised: Freeze; and the following spells available to
                  | memorise: Frozen Ramparts
     0 | D:1      | Reached XP level 1. HP: 26/26 MP: 4/4
    93 | D:1      | Reached XP level 2. HP: 30/33 MP: 5/5
   603 | D:1      | Reached XP level 3. HP: 37/38 MP: 7/7
  1147 | D:2      | Found a faded altar of an unknown god.
  1200 | D:2      | Reached skill level 1 in Invocations
  1536 | D:2      | Reached skill level 1 in Short Blades
  1536 | D:2      | Reached skill level 1 in Long Blades
  1536 | D:2      | Reached skill level 1 in Axes
  1536 | D:2      | Reached skill level 1 in Maces & Flails
  1536 | D:2      | Reached skill level 1 in Polearms
  1536 | D:2      | Reached skill level 1 in Staves
  1536 | D:2      | Reached skill level 1 in Slings
  1536 | D:2      | Reached skill level 1 in Bows
  1536 | D:2      | Reached skill level 1 in Crossbows
  1536 | D:2      | Reached skill level 1 in Throwing
  1536 | D:2      | Reached skill level 1 in Dodging
  1536 | D:2      | Reached skill level 1 in Stealth
  1536 | D:2      | Reached skill level 1 in Shields
  1536 | D:2      | Reached skill level 1 in Unarmed Combat
  2003 | D:2      | Noticed Natasha
  2036 | D:2      | HP: 1/38 [Natasha (3)]
  2037 | D:2      | Slain by Natasha

Illustrated notes

Levels and vault maps discovered:
D:1:      minmay_arrival_stone_box, layout_basic,
          hangedman_abyss_or_decor_lesser_grid, nrook_mini_vaults
D:2:      layout_loops_ring, nicolae_ecumenical_snake_handling, uniq_natasha,
          uniq_robin

Skill      XL: |  1  2  3 |
---------------+----------+-----
Ice Magic      | 2 |  2.1
Invocations    | 1 |  1.0
Short Blades   | 1 |  1.0
Long Blades    | 1 |  1.0
Axes           | 1 |  1.0
Maces & Flails | 1 |  1.0
Polearms       | 1 |  1.0
Staves         | 1 |  1.0
Slings         | 1 |  1.0
Bows           | 1 |  1.0
Crossbows      | 1 |  1.0
Throwing       | 1 |  1.0
Dodging        | 1 |  1.0
Stealth        | 1 |  1.0
Shields        | 1 |  1.0
Unarmed Combat | 1 |  1.0
Fighting       | |  8.5
Armour         | |  6.5
Spellcasting   | |  2.9
Conjurations   | |  0.7
Hexes          | |  0.7
Summonings     | |  0.7
Necromancy     | |  0.7
Translocations | |  0.7
Transmutations | |  0.7
Fire Magic     | |  0.7
Air Magic      | |  0.7
Earth Magic    | |  0.7
Poison Magic   | |  0.7
Evocations     | |  2.6

Action                   || total
-------------------------++-------
Melee: Club              ||   180
       Bite              ||    11
       Punch             ||     3
  Use: Scroll            ||     2
       Potion            ||     1
Armor: Scale mail        ||   124
Dodge: Dodged            ||    91
